 Dungeon Crawl Stone Soup version 0.28-a0-580-ga2639ab843 (webtiles) character file.

Game seed: 9322543470521300564

1136 jasper the Slasher (level 8, -4/63 HPs)
             Began as a Demonspawn Cinder Acolyte on Oct 3, 2021.
             Was a Believer of Qazlal.
             Slain by a fire elemental (8 damage)
             ... created by the fiery vengeance of Ignis
             ... on level 3 of the Dungeon.
             The game lasted 00:06:21 (4392 turns).

jasper the Slasher (Demonspawn Cinder Acolyte)      Turns: 4392, Time: 00:06:22

Health: -4/63      AC:  9    Str: 17    XL:     8   Next: 14%
Magic:  0/9        EV:  7    Int: 15    God:    Qazlal [**....]
Gold:   75         SH:  2    Dex:  9    Spells: 9/9 levels left

rFire   . . .      SeeInvis .   a - +0 falchion (flame)
rCold   . . .      Faith    .   (no shield)
rNeg    . . .      Spirit   +   f - +0 chain mail
rPois   .          Reflect  .   (no helmet)
rElec   .          Harm     .   (no cloak)
rCorr   +          Rampage  .   (no gloves)
Will    .....                   (no boots)
Stlth   ..........              i - amulet of guardian spirit
HPRegen 0.20/turn               o - ring of resist corrosion
MPRegen 0.11/turn               (no ring)

@: mighty, fire susceptible
A: talons 1, demonic guardian 2, demonic magic 1
a: Renounce Religion, Upheaval


You were on level 3 of the Dungeon.
You worshipped Qazlal.
Qazlal was pleased with you.
You visited 1 branch of the dungeon, and saw 6 of its levels.

You collected 119 gold pieces.
You spent 44 gold pieces at shops.

Inventory:

Hand Weapons
 a - a +0 falchion of flaming (weapon)
 j - a +0 scimitar
 u - a +0 dagger
Missiles
 c - 99 stones (quivered)
 h - 4 atropa-tipped darts
 l - a throwing net
 n - 22 poisoned darts
Armour
 b - a +0 robe
 f - a +0 chain mail (worn)
Jewellery
 i - an amulet of guardian spirit (around neck)
 o - a ring of resist corrosion (left hand)
Scrolls
 e - a scroll of identify
 k - a scroll of holy word
Potions
 d - a potion of cancellation
 g - a potion of attraction
 m - a potion of heal wounds
 p - a potion of ambrosia
 r - 3 potions of lignification


   Skills:
 + Level 5.5 Fighting
 * Level 6.7 Long Blades
 + Level 4.0 Armour
 - Level 1.0 Spellcasting
 - Level 2.6 Fire Magic
 + Level 1.9 Invocations


You had 9 spell levels left.
You didn't know any spells.
Your spell library contained the following spells:

 Spells                   Type           Power      Damage    Failure   Level
 Scorch                   Fire           16%        2d5       86%         2
 Sublimation of Blood     Necr           0%         N/A       99%         2
 Wereblood                Tmut           0%         N/A       99%         2
 Summon Hydra             Summ           0%         N/A       100%        7


Dungeon Overview and Level Annotations

Branches:
Dungeon (6/15)             Temple (0/1) D:5

Altars:
Dithmenos
Elyvilon
Qazlal

Shops:
D:3 *   D:4 =

Annotations:
D:3 Robin


Innate Abilities, Weirdness & Mutations

You have sharp toenails.
A demonic guardian rushes to your aid.
Spells you cast may paralyse adjacent enemies.


Message History

Qazlal accepts your kill.
Robin roars a battlecry!
The goblins go into a battle-frenzy!
Robin throws the goblin at you! The goblin barely misses you.
You barely miss the goblin. You claw the goblin.
The goblin is severely wounded.
The goblin hits you with a +0 dagger.
You take 5 damage, and have 58/63 hp.
You slash the goblin! You burn the goblin.
You kill the goblin!
Qazlal accepts your kill. The goblin barely misses you.
Things that are here:
a +0 dagger; a scroll labelled DEFFUE LOMOHE "Attack, my last stalwart servants!" 2 fire elementals come into view.
You closely miss the fire elemental. You hit the fire elemental.
The fire elemental is lightly damaged.
The fire elemental hits you. The fire elemental burns you!
The fire elemental hits you. The fire elemental burns you!
You take 17 damage, and have 42/63 hp.
MASSIVE DAMAGE!!
You now have 7/9 mp.
Okay, then.
You feel very mighty all of a sudden. The fire elemental hits you.
The fire elemental burns you! The fire elemental hits you.
The fire elemental burns you!
You take 13 damage, and have 29/63 hp.
MASSIVE DAMAGE!!
You now have 5/9 mp.
You slash the fire elemental!
The fire elemental is heavily damaged.
The fire elemental barely misses you. x2
You slash the fire elemental!
The fire elemental is severely damaged.
The fire elemental hits you. The fire elemental burns you!
The fire elemental hits you. The fire elemental burns you!
* * * LOW HITPOINT WARNING * * *
The fire elemental hits you. The fire elemental burns you!
* * * LOW HITPOINT WARNING * * *
A demonic guardian appears!
The fire elemental hits you. The fire elemental burns you!
You die...

#.........#
#.#######.#
#.# ..#.#
#.#.# #.#.#
#.#4# #.#E#
#.#@#
######.#E#
.......gg#
####.##)##
#....gg##
#.#'#.g.# #
#.#.# #.#.#
#..)#


You could see 2 fire elementals, Robin, a hobgoblin (strong), 3 goblins and a
friendly ice devil (summoned).

Vanquished Creatures
  Sigmund (D:6)
  2 sky beasts (D:5)
  An ogre (D:6)
  A phantom (D:5)
  2 kobold brigands
  A wyvern zombie (D:6)
  A centaur zombie (D:6)
  A bullfrog zombie (D:4)
  A bullfrog skeleton (D:6)
  A centaur skeleton (D:6)
  Natasha (D:3)
  An orc wizard (D:3)
  6 gnolls
  4 adders
  A shadow imp (D:6)
  An ufetubus (D:5)
  4 orcs
  3 ball pythons
  7 endoplasms
  8 giant cockroaches
  5 goblins
  2 hobgoblins
  7 jackals
  12 kobolds
  4 quokkas
  4 frilled lizards
  6 rats
88 creatures vanquished.

Vanquished Creatures (collateral kills)
  A hound (D:6)
  A bullfrog skeleton (D:6)
  An iguana (D:6)
  An adder (D:2)
  An orc (D:3)
  A ball python (D:1)
6 creatures vanquished.

Vanquished Creatures (others)
  A demonic plant (D:2)
  171 foxfires
172 creatures vanquished.

Grand Total: 266 creatures vanquished

Notes
Turn   | Place    | Note
-------+----------+-------------------------------------------
     0 | D:1      | jasper the Demonspawn Cinder Acolyte began the quest for
                  | the Orb.
     0 | D:1      | Reached XP level 1. HP: 18/18 MP: 2/2
   244 | D:2      | Reached skill level 3 in Long Blades
   331 | D:2      | Gained mutation: A weak demonic guardian rushes to your
                  | aid. [demonic ancestry]
   331 | D:2      | Reached XP level 2. HP: 18/24 MP: 3/3
   344 | D:2      | Found a faded altar of an unknown god.
   344 | D:2      | Noticed a tormentor
   862 | D:2      | Reached skill level 1 in Armour
   910 | D:3      | Noticed Robin
   915 | D:3      | Gained mutation: Spells you cast may paralyse adjacent
                  | enemies. [demonic ancestry]
   915 | D:3      | Reached XP level 3. HP: 20/29 MP: 4/4
  1221 | D:3      | Reached XP level 4. HP: 17/35 MP: 5/5
  1221 | D:3      | Found Pidwosoy's General Store.
  1388 | D:4      | Found Wathruh's Jewellery Boutique.
  1390 | D:4      | Found a shadowy altar of Dithmenos.
  1400 | D:4      | Reached skill level 4 in Long Blades
  1401 | D:4      | Gained mutation: A demonic guardian rushes to your aid.
                  | [demonic ancestry]
  1401 | D:4      | Reached XP level 5. HP: 42/42 MP: 6/6
  1418 | D:5      | Entered Level 5 of the Dungeon
  1566 | D:5      | Noticed a sky beast
  1568 | D:5      | Noticed a sky beast
  1571 | D:5      | Found a staircase to the Ecumenical Temple.
  1577 | D:5      | Killed a sky beast
  1580 | D:5      | Killed a sky beast
  1581 | D:5      | Reached XP level 6. HP: 15/49 MP: 7/7
  1855 | D:5      | Reached skill level 5 in Long Blades
  2560 | D:6      | Noticed Sigmund
  2564 | D:6      | Reached XP level 7. HP: 55/55 MP: 8/8
  2564 | D:6      | Killed Sigmund
  2565 | D:6      | Reached skill level 5 in Fighting
  2565 | D:6      | Reached skill level 6 in Long Blades
  3053 | D:2      | Fell from the grace of Ignis
  3053 | D:2      | Became a worshipper of Qazlal Stormbringer
  3053 | D:2      | Reached * piety under Qazlal
  3970 | D:3      | Bought 2 scrolls of identify for 44 gold pieces
  4031 | D:3      | Reached ** piety under Qazlal
  4122 | D:3      | Noticed Natasha
  4134 | D:3      | Killed Natasha
  4135 | D:3      | Reached skill level 1 in Invocations
  4147 | D:3      | You fall into a shaft and drop 3 floors!
  4166 | D:6      | Gained mutation: You have sharp toenails. [demonic
                  | ancestry]
  4166 | D:6      | Reached XP level 8. HP: 48/63 MP: 7/9
  4392 | D:3      | Slain by a fire elemental

Illustrated notes

Levels and vault maps discovered:
D:1:      erik_arrival_orb_chamber, layout_rooms
D:2:      layout_basic, dreamdust_ecumenical_altar_sealed_demon, basic_altar,
          minmay_misc_feat_tiny
D:3:      layout_loops_ring, mainiacjoe_overflow_surrounded_room,
          nemelex_dance_club_becter, lemuel_tele_altar,
          mainiacjoe_overflow_catwalk, serial_shops, nicolae_shop_waterfront,
          kennysheep_doodads, uniq_natasha, uniq_jessica, uniq_robin
D:4:      layout_rooms, grunt_dithmenos_smoke,
          yredelemnul_forgotten_temple_becter, serial_shops,
          nicolae_shop_statue_plus, skrybe_limestone_x, uniq_crazy_yiuf_cottage
D:5:      layout_loops_ring, minmay_temple_entry_mist
D:6:      layout_rooms, ashenzari_conservatory_becter, serial_shops,
          kennysheep_mini_moat, st_stairs_1, corexii_leaking_fountain,
          uniq_sigmund

Skill      XL: |  1  2  3  4  5  6  7  8 |
---------------+-------------------------+-----
Long Blades    | 3 4 5 6 |  6.7
Armour         | 1 2 3 4 |  4.0
Fighting       | 4 5 |  5.5
Invocations    | 1 |  1.9
Spellcasting   | |  1.0
Fire Magic     | |  2.6

Action                   |  1- 3 |  4- 6 |  7- 9 || total
-------------------------+-------+-------+-------++-------
Melee: Falchion          |    92 |    68 |   152 ||   312
       Kick              |       |       |     4 ||     4
Invok: Foxfire Swarm     |     3 |     6 |     2 ||    11
  Use: Scroll            |       |       |    11 ||    11
       Potion            |       |       |     1 ||     1
Armor: Robe              |     7 |       |       ||     7
       Chain mail        |    55 |    30 |   105 ||   190
Dodge: Dodged            |    44 |    19 |    71 ||   134
Block: Other             |       |       |     4 ||     4

Table legend: (Time is in decaauts)
 A = Elapsed time spent in this place.
 B = Non-inter-level travel time spent in this place.
 C = Inter-level travel time spent in this place.
 D = Time resting spent in this place.
 E = Time spent auto-exploring this place.
 F = Levels seen in this place.
 G = Mean time per level.
                   A        B        C        D        E       F      G
               +--------+--------+--------+--------+--------+-----+--------+
         Total |   4411 |   4165 |    246 |   1053 |   2161 |   6 |  735.2 |
       Dungeon |   4411 |   4165 |    246 |   1053 |   2161 |   6 |  735.2 |
               +--------+--------+--------+--------+--------+-----+--------+

Top non-repeatable levels by time:
     D:2: 1443 daAuts
     D:5: 1166 daAuts
     D:1: 670 daAuts
     D:6: 537 daAuts
     D:3: 527 daAuts
     D:4: 65 daAuts
